 Dungeon Crawl Stone Soup version 0.29.0-4-gdea44cf6ec (webtiles) character file.

Game seed: 4828940022319725381

65 qw the Chopper (level 4, 0/26 HPs)
             Began as a Tengu Warper on Aug 28, 2022.
             Slain by a hound (3 damage)
             ... on level 3 of the Dungeon.
             The game lasted 00:00:10 (2194 turns).

qw the Chopper (Tengu Warper)                       Turns: 2194, Time: 00:00:10

Health: 0/26       AC:  6    Str: 13    XL:     4   Next: 13%
Magic:  8/8        EV:  9    Int: 14    God:
Gold:   84         SH:  0    Dex: 13    Spells: 7/7 levels left

rFire   . . .      SeeInvis .   Y - +2 hand axe
rCold   . . .      Faith    .   (no shield)
rNeg    . . .      Spirit   .   b - +0 scale mail
rPois   .          Reflect  .   (helmet restricted)
rElec   .          Harm     .   (no cloak)
rCorr   .          Rampage  .   (no gloves)
Will    .....                   (boots unavailable)
Stlth   ..........              (no amulet)
HPRegen 0.08/turn               (no ring)
MPRegen 0.11/turn               (no ring)

@: about to teleport
A: beak, talons 3
a: no special abilities


You were on level 3 of the Dungeon.
You visited 1 branch of the dungeon, and saw 3 of its levels.

You collected 84 gold pieces.


Innate Abilities, Weirdness & Mutations

You have a beak for a mouth.
You have claws for feet.


   Skills:
 - Level 2.0 Fighting
 + Level 4.7 Axes
 - Level 1.0 Throwing
 - Level 1.1 Armour
 - Level 2.1 Dodging
 - Level 2.0 Spellcasting
 - Level 2.4 Translocations


You had 7 spell levels left.
You didn't know any spells.
Your spell library contained the following spells:

 Spells                   Type           Power      Damage    Failure   Level
 Blink                    Tloc           16%        N/A       54%         2
 Gell's Gravitas          Tloc           8%         N/A       78%         3
 Lesser Beckoning         Tloc           8%         N/A       78%         3
 Teleport Other           Tloc           8%         N/A       78%         3
 Manifold Assault         Tloc           8%         N/A       100%        5

Inventory:

Hand Weapons
 e - a +0 club
 Y - a +2 hand axe (weapon)
Armour
 b - a +0 scale mail (worn)
Scrolls
 a - 3 scrolls of identify
 c - 2 scrolls of teleportation
 f - a scroll of torment {unknown}
Potions
 d - a potion of mutation {unknown}
 i - 2 potions of resistance {unknown}

Dungeon Overview and Level Annotations

Branches:
Dungeon (3/15)

Altars:


Message History

The hound is moderately wounded.
The hound bites you but does no damage.
You miss the hound. Your kick misses the hound.
The hound is moderately wounded.
The hound bites you but does no damage. The hound bites you.
You hit the hound. Your kick misses the hound. Your peck misses the hound.
The hound is moderately wounded.
The hound bites you but does no damage.
You miss the hound. You claw the hound, but do no damage.
The hound is moderately wounded.
The hound barely misses you. The hound bites you but does no damage.
You hit the hound but do no damage. You peck the hound, but do no damage.
The hound is moderately wounded.
The hound bites you but does no damage.
You miss the hound. Your kick misses the hound.
The hound is moderately wounded.
The hound bites you. The hound bites you but does no damage.
You closely miss the hound. Your peck misses the hound.
The hound is moderately wounded.
The hound bites you but does no damage. The hound bites you.
You slash the hound! You claw the hound.
The hound is severely wounded.
The hound bites you but does no damage.
You closely miss the hound.
The hound is severely wounded.
The hound bites you. x2
You miss the hound. Your peck misses the hound.
The hound is severely wounded.
The hound bites you but does no damage.
You hit the hound.
The hound is severely wounded.
The hound bites you but does no damage. The hound bites you.
2193 ||| READING 3 scrolls of teleportation.
As you read the scroll of teleportation, it crumbles to dust.
You feel strangely unstable. The hound barely misses you.
You closely miss the hound. Your kick misses the hound.
The hound is severely wounded.
The hound bites you.
You die...

#.##.........##.##.# #.
#.##.#######.##.##.# #.
#.##.#######.##.##.####.
#....##................#
###.....).......#.....##
#..##.###.....<......#
#..##.###..###........
#..........# ##.......
#.###@###.... #.....%.
#.# #h# ..### #.......
#.. ...... ####.###
#.#.#..[.. ..#
#.#.#..... ...# #..
#..... ###. .. ..!...#
#. ##....#


You could see a hound.

Vanquished Creatures
  An orc wizard (D:3)
  2 dart slugs
  5 orcs
  A bat (D:1)
  4 endoplasms
  3 hobgoblins
  4 jackals (D:1)
  2 kobolds (D:2)
  A ball python (D:1)
  2 frilled lizards
  5 rats
30 creatures vanquished.

Vanquished Creatures (others)
  4 plants (D:2)
4 creatures vanquished.

Grand Total: 34 creatures vanquished

Notes
Turn   | Place    | Note
-------+----------+-------------------------------------------
     0 | D:1      | qw the Tengu Warper began the quest for the Orb.
     0 | D:1      | Reached XP level 1. HP: 12/12 MP: 4/4
     0 | D:1      | 0 ||| qw: Version: 0.1-a-89-g26bdef1
     0 | D:1      | 0 ||| qw: Game counter: 879
     0 | D:1      | 0 ||| qw: Always use a shield: true
     0 | D:1      | 0 ||| qw: God list: Okawaru
     0 | D:1      | 0 ||| qw: Allow faded altars: false
     0 | D:1      | 0 ||| qw: Do Orc after D:15 true
     0 | D:1      | 0 ||| qw: Do second Lair branch before Depths: true
     0 | D:1      | 0 ||| qw: Lair rune preference: random
     0 | D:1      | 0 ||| qw: Plans: Normal
     0 | D:1      | 0 ||| PLANNING D:1-11
   351 | D:1      | 351 ||| Stepping ~*~*~tactically~*~*~ (stealth).
   353 | D:1      | 353 ||| Stepping ~*~*~tactically~*~*~ (stealth).
   359 | D:1      | Reached XP level 2. HP: 17/17 MP: 6/6
   362 | D:1      | Reached skill level 3 in Axes
   798 | D:1      | 798 ||| DROPPING ring of magical power.
   799 | D:1      | 799 ||| READING 3 scrolls labelled ITEPIC XIJ.
   800 | D:1      | 800 ||| READING scroll labelled ODEMPA OREO.
   801 | D:1      | 801 ||| READING scroll labelled ELIWKE ULISE.
   802 | D:1      | 802 ||| READING scroll labelled ZOOLIXT ULOZ.
   803 | D:1      | 803 ||| READING scroll labelled QUMYTU HIXAESS.
   807 | D:1      | 807 ||| READING 2 scrolls of identify.
   807 | D:1      | 807 ||| IDENTIFYING golden potion
   808 | D:1      | 808 ||| DROPPING scroll of blinking.
   924 | D:2      | 924 ||| Stepping ~*~*~tactically~*~*~ (stealth).
  1503 | D:2      | Reached XP level 3. HP: 21/21 MP: 7/7
  1797 | D:2      | 1797 ||| UPGRADING to +0 ring mail.
  1807 | D:2      | 1807 ||| DROPPING +0 leather armour.
  1808 | D:2      | 1808 ||| READING scroll labelled ODWEOG CUEWKY.
  1809 | D:2      | 1809 ||| READING scroll labelled USYCAI CAYFUWE.
  1849 | D:3      | 1849 ||| Stepping ~*~*~tactically~*~*~ (stealth).
  1854 | D:3      | 1854 ||| Stepping ~*~*~tactically~*~*~ (stealth).
  1857 | D:3      | Reached skill level 4 in Axes
  1869 | D:3      | 1869 ||| DRINKING potion of curing.
  1869 | D:3      | 1869 ||| (to cure confusion)
  1871 | D:3      | Reached XP level 4. HP: 18/26 MP: 8/8
  1901 | D:3      | 1901 ||| FLEEEEING.
  1902 | D:3      | 1902 ||| FLEEEEING.
  1903 | D:3      | 1903 ||| FLEEEEING.
  1904 | D:3      | 1904 ||| FLEEEEING.
  1905 | D:3      | 1905 ||| FLEEEEING.
  1906 | D:3      | 1906 ||| FLEEEEING.
  1907 | D:3      | 1907 ||| FLEEEEING.
  1908 | D:3      | 1908 ||| STAIRDANCE
  1963 | D:2      | 1963 ||| UPGRADING to +0 scale mail.
  1973 | D:2      | 1973 ||| DROPPING +0 ring mail.
  1998 | D:3      | 1998 ||| READING scroll of enchant weapon.
  1998 | D:3      | 1998 ||| ENCHANTING +1 hand axe.
  2192 | D:3      | HP: 3/26 [hound (4)]
  2193 | D:3      | 2193 ||| READING 3 scrolls of teleportation.
  2194 | D:3      | Slain by a hound

Levels and vault maps discovered:
D:1:      minmay_arrival_stone_box, layout_basic, st_stairs_8
D:2:      layout_loops_ring, guppyfry_early_lair_pool
D:3:      layout_loops_ring

Skill      XL: |  1  2  3 |
---------------+----------+-----
Axes           | 3 4 |  4.7
Fighting       | |  2.0
Throwing       | |  1.0
Armour         | |  1.1
Dodging        | |  2.1
Spellcasting   | |  2.0
Translocations | |  2.4

Action                   |  1- 3 |  4- 6 || total
-------------------------+-------+-------++-------
Melee: Hand axe          |    61 |    21 ||    82
       Kick              |    15 |     5 ||    20
       Peck              |    11 |     3 ||    14
Throw: Boomerang         |     7 |       ||     7
  Use: Scroll            |     8 |     2 ||    10
       Potion            |     1 |       ||     1
Armor: Leather armour    |     4 |       ||     4
       Ring mail         |     6 |     1 ||     7
       Scale mail        |       |    12 ||    12
Dodge: Dodged            |    31 |     5 ||    36

Table legend:
 A = Non-vault XP
 B = Vault XP
 C = Vault XP percentage of total XP
 D = Non-vault monster count
 E = Vault monster count
 F = Vault count percentage of total count
                 A         B        C        D         E       F
            +---------+---------+-------+---------+---------+-------
      Total |      92 |       1 |   1.1 |      29 |       1 |   3.3
            +---------+---------+-------+---------+---------+-------
        D:1 |      22 |       1 |   4.3 |      13 |       1 |   7.1
        D:2 |      16 |       0 |   0.0 |       8 |       0 |   0.0
        D:3 |      54 |       0 |   0.0 |       8 |       0 |   0.0
            +---------+---------+-------+---------+---------+-------
